 Dungeon Crawl Stone Soup version 0.28-a0-1524-ge72afd5fc6 (webtiles) character file.

Game seed: 3797160308668196816

56 HallandMoats the Skirmisher (level 3, -1/26 HPs)
             Began as a Demonspawn Fighter on Jan 18, 2022.
             Was a Follower of Hepliaklqana.
             Slain by an orc (4 damage)
             ... on level 3 of the Dungeon.
             The game lasted 00:02:12 (2222 turns).

HallandMoats the Skirmisher (Demonspawn Fighter)    Turns: 2222, Time: 00:02:13

Health: -1/26      AC:  6    Str: 18    XL:     3   Next: 69%
Magic:  3/3        EV: 10    Int:  9    God:    Hepliaklqana [*.....]
Gold:   19         SH:  4    Dex: 12    Spells: 2/2 levels left

rFire   . . .      SeeInvis .   e - +0 dagger (elec)
rCold   . . .      Faith    .   c - +0 buckler
rNeg    . . .      Spirit   .   b - +0 scale mail
rPois   .          Reflect  .   (no helmet)
rElec   .          Harm     .   (no cloak)
rCorr   .          Rampage  .   (no gloves)
Will    .....                   (no boots)
Stlth   ..........              (no amulet)
HPRegen 0.08/turn               (no ring)
MPRegen 0.08/turn               (no ring)

@: no status effects
A: reduced essence, claws 1, sturdy frame 1
a: Renounce Religion, Recall Ancestor, Ancestor Identity


You were on level 3 of the Dungeon.
You worshipped Hepliaklqana.
Hepliaklqana was aware of your devotion.
You visited 1 branch of the dungeon, and saw 3 of its levels.

You collected 19 gold pieces.

Inventory:

Hand Weapons
 a - a +0 war axe
 e - a +0 dagger of electrocution (weapon)
Armour
 b - a +0 scale mail (worn)
 c - a +0 buckler (worn)
Scrolls
 f - 2 scrolls of vulnerability {unknown}
 h - a scroll of enchant armour {unknown}
 i - a scroll of torment {unknown}
Potions
 d - a potion of might
 g - 3 potions of heal wounds {unknown}


   Skills:
 + Level 3.3 Fighting
 * Level 2.5 Axes
 + Level 3.0 Armour
 + Level 1.0 Dodging
 + Level 3.0 Shields


You had 2 spell levels left.
You didn't know any spells.
Your spell library contained the following spells:

 Spells                   Type           Power      Damage    Failure   Level
 Magic Dart               Conj           0%         1d3       73%         1
 Searing Ray              Conj           0%         2d4       86%         2
 Fulminant Prism          Conj/Hex       0%         3d6       100%        4


Dungeon Overview and Level Annotations

Branches:
Dungeon (3/15)

Altars:
Hepliaklqana
Zin

Annotations:
D:3 Robin


Innate Abilities, Weirdness & Mutations

Your life essence is reduced to manifest your ancestor. (-10% HP)
You have sharp fingernails.
Your movements are slightly less encumbered by armour. (ER -2)


Message History

You kill the goblin!
You barely miss the goblin. The goblin hits you but does no damage.
You hit the goblin.
The goblin is almost dead.
The goblin closely misses you. The gnoll closely misses you.
The goblin hits you but does no damage.
You closely miss the goblin.
The goblin is almost dead.
The gnoll hits you from afar with a +0 spear.
The goblin hits you with a +2 dagger of speed.
You miss the goblin.
The goblin is almost dead.
The goblin hits you with a +2 dagger of speed.
The gnoll closely misses you. The goblin hits you but does no damage.
A gnoll comes into view. It is wielding a +0 spear.
The gnoll shouts!
You hear a shout!
The gnoll moves out of view.
You hear a shout!
An orc comes into view. It is wielding a +0 hand axe.
The gnoll hits you from afar with a +0 spear.
* * * LOW HITPOINT WARNING * * *
The gnoll hits you with a +0 spear.
* * * LOW HITPOINT WARNING * * *
The gnoll barely misses you. The gnoll hits you but does no damage.
The gnoll hits you but does no damage.
An orc wizard comes into view. It is wielding a +0 dagger.
Found a leather armour.
The orc wizard casts a spell.
The orc wizard flickers and vanishes!
Deactivating autopickup; reactivate with Ctrl-A.
Something hits you but does no damage. Something hits you.
* * * LOW HITPOINT WARNING * * *
Things that are here:
a +0 club; a goblin skeleton
There is a stone staircase leading up, spattered with blood here.
Items here: ( )) †.
The orc hits you with a +0 hand axe.
You die...

########## #.)@og.g.#
#.######.# #
#.######.##.###[
#.##÷..g........
######.##)###g##.#...
.........ggg.......#
PP.._........####.....
...................##.
#.########.#########


You could see a gnoll, an orc and a goblin.

Vanquished Creatures
  A dart slug (D:1)
  2 orcs (D:3)
  3 ball pythons
  7 endoplasms
  4 hobgoblins (D:1)
  A jackal (D:2)
  2 kobolds
  4 quokkas
  2 bats (D:1)
  11 goblins
  2 rats
39 creatures vanquished.

Vanquished Creatures (collateral kills)
  A hobgoblin (D:3)
  A jackal (D:2)
  2 goblins (D:3)
4 creatures vanquished.

Vanquished Creatures (others)
  2 ancestors (D:3)
  4 fungi (D:3)
6 creatures vanquished.

Grand Total: 49 creatures vanquished

Notes
Turn   | Place    | Note
-------+----------+-------------------------------------------
     0 | D:1      | HallandMoats the Demonspawn Fighter began the quest for the
                  | Orb.
     0 | D:1      | Reached XP level 1. HP: 18/18 MP: 1/1
   359 | D:1      | Gained mutation: Your movements are slightly less
                  | encumbered by armour. (ER -2) [demonic ancestry]
   359 | D:1      | Reached XP level 2. HP: 24/24 MP: 2/2
   883 | D:1      | Found a faded altar of an unknown god.
   931 | D:1      | Prayed at the altar of an unknown god.
   931 | D:1      | Became a worshipper of Hepliaklqana the Forgotten
   931 | D:1      | Reached * piety under Hepliaklqana
  1371 | D:2      | Gained mutation: You have sharp fingernails. [demonic
                  | ancestry]
  1371 | D:2      | Reached XP level 3. HP: 26/26 MP: 3/3
  1954 | D:3      | Noticed Robin
  1969 | D:3      | Reached skill level 1 in Dodging
  2222 | D:3      | Slain by an orc

Illustrated notes

Levels and vault maps discovered:
D:1:      lightli_arrival_boilingwater, layout_loops_corners,
          dreamdust_ecumenical_altar_statues, hangedman_glass_teeth
D:2:      layout_rooms
D:3:      layout_loops_corners, mainiacjoe_overflow_boulevard,
          nicolae_hepliaklqana_monster_ancestors, st_stairs_5, uniq_robin

Skill      XL: |  1  2  3 |
---------------+----------+-----
Axes           | 2 |  2.5
Shields        | 3 |  3.0
Dodging        | 1 |  1.0
Armour         | 3 |  3.0
Fighting       | |  3.3

Action                   || total
-------------------------++-------
Melee: War axe           ||    13
       Dagger            ||   124
Invok: Ancestor Identity ||     1
Armor: Scale mail        ||    46
Dodge: Dodged            ||    48
Block: Buckler           ||    28

Table legend: (Time is in decaauts)
 A = Elapsed time spent in this place.
 B = Non-inter-level travel time spent in this place.
 C = Inter-level travel time spent in this place.
 D = Time resting spent in this place.
 E = Time spent auto-exploring this place.
 F = Levels seen in this place.
 G = Mean time per level.
                   A        B        C        D        E       F      G
               +--------+--------+--------+--------+--------+-----+--------+
         Total |   2234 |   2179 |     55 |    181 |   1702 |   3 |  744.7 |
       Dungeon |   2234 |   2179 |     55 |    181 |   1702 |   3 |  744.7 |
               +--------+--------+--------+--------+--------+-----+--------+

Top non-repeatable levels by time:
     D:1: 1374 daAuts
     D:2: 766 daAuts
     D:3: 93 daAuts
